Map: 2000 Atmospheres LE

Players

Semper

  • Race: Terran Terran

MaSa - Winner!

  • Race: Terran Terran

Event: DreamHack SC2 Masters 2021 Fall

VOD

Have the link to the VOD?

Description

Time

  • Played on: Aug. 3, 2021, 4:05 p.m.
  • Length: 9:23

All games in this series

Show
View Real Time Build Order
Export as new Build Order

Semper Terran 

Build Orders:  

Get SALT Encoding   

  12  0:00  SCV  
  13  0:12  SCV  
  14  0:17  Supply Depot  
  14  0:24  SCV  
  15  0:38  SCV  
  15  0:41  Barracks  
  16  0:45  Refinery  
  16  0:50  SCV  
  16  0:52  Refinery  
  17  1:03  SCV  
  18  1:16  SCV  
  19  1:28  Orbital Command  
  19  1:29  Barracks Reactor  
  19  1:38  Supply Depot  
  19  1:42  Factory  
  19  1:54  SCV  
  20  2:05  Reaper x2  
  20  2:06  SCV  
  23  2:10  Supply Depot  
  23  2:18  SCV  
  23  2:20  Bunker  
  24  2:26  Hellion  
  26  2:30  SCV  
  27  2:37  Marine x2  
  29  2:46  SCV  
  29  2:48  Factory Tech Lab  
  29  2:54  Supply Depot  
  29  2:57  Starport  
  29  2:58  Marine x2  
  32  3:10  Cyclone  
  34  3:22  Supply Depot  
  34  3:24  SCV  
  35  3:34  Starport Tech Lab  
  35  3:43  Factory Tech Lab  
  35  3:52  Banshee  
  38  4:03  Command Center  
  38  4:09  Siege Tank  
  40  4:19  SCV  
  41  4:26  Supply Depot  
  41  4:32  SCV  
  42  4:42  Barracks Reactor  
  42  4:45  SCV  
  43  4:50  Raven  
  45  4:57  SCV  
  46  5:07  Refinery  
  46  5:12  Command Center  
  46  5:16  SCV  
  46  5:21  Siege Tank  
  52  5:28  SCV  
  51  5:40  SCV  
  51  5:46  Viking x2  
  51  5:48  Orbital Command  
  53  6:00  SCV  
  54  6:11  Supply Depot  
  51  6:12  SCV  
  51  6:16  SCV  
  51  6:17  Engineering Bay  
  51  6:19  Viking x2  
  51  6:24  SCV  
  56  6:28  SCV  
  56  6:33  Marine  
  56  6:36  SCV  
  56  6:40  SCV  
  50  6:48  SCV, Siege Tank  
  50  6:50  Marine  
  50  6:53  SCV  
  53  7:00  SCV  
  51  7:05  SCV  
  52  7:12  SCV  
  53  7:18  Orbital Command  
  53  7:20  SCV  
  54  7:25  Siege Tank  
  55  7:33  SCV  
  56  7:37  SCV  
  56  7:47  SCV  
  56  7:49  Viking  
  56  7:51  SCV  
  60  8:04  SCV  
  54  8:05  SCV  
  54  8:11  Viking  
  56  8:13  SCV  
  56  8:17  SCV  
  54  8:24  SCV  
  54  8:26  Liberator  
  58  8:27  SCV  
  58  8:29  SCV  
  60  8:39  Siege Tank  
  60  8:40  SCV  
  58  8:51  SCV x2  
  58  8:53  SCV  
  58  9:08  SCV  
Show
View Real Time Build Order
Export as new Build Order

MaSa Terran - Winner!

Build Orders: Mech 

Get SALT Encoding   

  12  0:00  SCV  
  13  0:12  SCV  
  14  0:17  Supply Depot  
  14  0:24  SCV  
  15  0:39  Barracks  
  15  0:40  SCV  
  16  0:45  Refinery  
  16  0:51  Refinery  
  16  0:55  SCV  
  17  1:08  SCV  
  18  1:20  SCV  
  19  1:26  Barracks Tech Lab  
  19  1:32  Orbital Command  
  19  1:39  Supply Depot  
  19  1:44  Marauder  
  21  1:53  Factory  
  21  1:56  Concussive Shells  
  22  2:01  SCV  
  24  2:08  Marauder  
  24  2:15  Bunker  
  24  2:17  SCV  
  25  2:23  Supply Depot  
  27  2:30  Marauder  
  27  2:34  SCV  
  28  2:47  Factory Tech Lab  
  28  2:54  SCV  
  28  2:58  Starport  
  29  3:06  SCV  
  29  3:07  Cyclone  
  29  3:12  Supply Depot  
  33  3:18  SCV  
  34  3:30  SCV  
  34  3:32  Mag-Field Accelerator  
  35  3:42  SCV  
  35  3:44  Command Center  
  36  3:55  SCV, Cyclone  
  39  4:01  Starport Tech Lab  
  40  4:08  SCV  
  41  4:13  Supply Depot  
  41  4:20  SCV, Banshee  
  45  4:24  Supply Depot  
  45  4:32  SCV  
  45  4:36  Cloaking Field  
  46  4:44  SCV  
  47  4:50  Cyclone  
  47  4:51  Refinery  
  50  4:56  SCV  
  51  5:03  Banshee  
  54  5:08  Orbital Command  
  54  5:09  SCV  
  55  5:22  SCV  
  55  5:24  Cyclone  
  57  5:34  SCV x2  
  59  5:46  SCV x2  
  59  5:48  Command Center  
  61  5:56  Hyperflight Rotors  
  58  5:58  SCV, Banshee  
  58  6:01  SCV  
  63  6:05  Refinery, Cyclone  
  63  6:11  SCV  
  67  6:16  SCV  
  62  6:30  SCV  
  62  6:32  SCV  
  61  6:33  Barracks  
  61  6:39  Cyclone  
  61  6:44  SCV  
  61  6:46  SCV  
  63  6:49  Banshee  
  66  6:56  SCV  
  66  6:58  SCV  
  65  7:08  SCV  
  65  7:13  SCV  
  65  7:14  Siege Tank  
  70  7:19  Orbital Command  
  70  7:21  Barracks Reactor  
  70  7:22  SCV  
  71  7:23  Factory  
  71  7:28  SCV  
  72  7:33  Banshee  
  75  7:37  SCV  
  75  7:39  Factory  
  75  7:41  SCV  
  77  7:45  Orbital Command  
  77  7:49  SCV  
  78  7:51  Siege Tank  
  78  7:53  SCV  
  78  7:55  Refinery  
  82  8:03  SCV  
  77  8:06  SCV  
  77  8:11  SCV, Supply Depot  
  77  8:12  Supply Depot  
  79  8:15  SCV  
  79  8:16  Banshee  
  79  8:19  SCV  
  81  8:24  Siege Tank, Hellion x2  
  81  8:25  Refinery  
  88  8:28  SCV, Factory Tech Lab  
  88  8:29  SCV  
  88  8:32  SCV  
  91  8:40  SCV  
  90  8:41  SCV  
  90  8:44  SCV  
  90  8:47  Siege Tank  
  90  8:48  Hellion x2  
  98  8:53  SCV x2  
  100  8:57  SCV  
  107  9:05  SCV  
  107  9:07  SCV  
  106  9:11  SCV, Armory  
  106  9:13  Armory  

Tags
 
Add a new tag
Caveats
  • Supply blocks, unpowered buildings, or Contaminate may cause inaccurate times.
  • Supply counts are checked every 10 seconds.